 Dungeon Crawl Stone Soup version 0.27.1 (webtiles) character file.

Game seed: 16306116121516402722

7218 Malachi the Fruitful (level 10, -8/74 HPs)
             Began as a Demonspawn Monk on Aug 25, 2021.
             Was a Priest of Fedhas.
             Killed from afar by a raiju (15 damage)
             ... with a living lightning
             ... on level 1 of the Abyss.
             The game lasted 00:18:39 (15063 turns).

Malachi the Fruitful (Demonspawn Monk)             Turns: 15063, Time: 00:18:40

Health: -8/74      AC: 15    Str: 15    XL:     10   Next: 87%
Magic:  14/17      EV:  9    Int: 12    God:    Fedhas [***...]
Gold:   493        SH:  0    Dex: 15    Spells: 9/9 levels left

rFire    + . .     SeeInvis .   a - +2 spear (spect)
rCold    . . .     Faith    .   (no shield)
rNeg     + . .     Spirit   .   A - +2 chain mail {rPois}
rPois    +         Reflect  .   e - +0 helmet
rElec    .         Harm     .   (no cloak)
rCorr    .         Rampage  .   H - +0 pair of gloves
Will     .....                  (no boots)
Stlth    ..........             (no amulet)
HPRegen  0.22/turn              r - ring of positive energy
MPRegen  0.15/turn              n - ring of protection from fire

@: about to teleport, very slightly contaminated, invisible
A: claws 2, demonic guardian 1, ignite blood 1
a: Renounce Religion, Wall of Briars, Grow Ballistomycete


You were on level 1 of the Abyss.
You worshipped Fedhas.
Fedhas was most pleased with you.
You visited 1 branch of the dungeon, and saw 11 of its levels.
You visited the Abyss 1 time.

You collected 493 gold pieces.

Inventory:

Hand Weapons
 a - a +2 spectral spear (weapon)
 s - the +7 trident of Ore Hyocs {vorpal, Drain rElec rC+}
   (You took it off Dowan on level 5 of the Dungeon)

   It inflicts extra damage upon your enemies.
   rC:        It protects you from cold.
   rElec:     It insulates you from electricity.
   Drain:     It drains your maximum health when unequipped.
Armour
 e - a +0 helmet (worn)
 u - a +2 ring mail of willpower
 A - a +2 chain mail of poison resistance (worn)
 B - a +0 kite shield
 H - a +0 pair of gloves (worn)
Jewellery
 k - a +6 ring of intelligence
 n - a ring of protection from fire (right hand)
 r - a ring of positive energy (left hand)
 y - a ring of positive energy
 C - a ring of magical power
Wands
 b - a wand of polymorph (10)
 h - a wand of mindburst (10)
 v - a wand of iceblast (24)
 z - a wand of flame (18)
 F - a wand of paralysis (9)
 G - a wand of acid (10)
Scrolls
 j - 2 scrolls of magic mapping
 o - 7 scrolls of identify
 x - a scroll of summoning
 D - a scroll of fog
 E - 4 scrolls of enchant armour
Potions
 f - 4 potions of ambrosia
 g - a potion of mutation
 l - 2 potions of invisibility
 p - 2 potions of magic
 q - a potion of brilliance
 t - a potion of attraction
 w - 2 potions of lignification


   Skills:
 - Level 5.0 Fighting
 + Level 9.3 Polearms
 + Level 8.5 Armour
 + Level 5.3 Dodging
 - Level 2.4 Stealth
 * Level 9.8 Invocations


You had 9 spell levels left.
You didn't know any spells.
Your spell library contained the following spells:

 Spells                   Type           Power      Damage    Failure   Level
 Animate Skeleton         Necr           0%         N/A       99%         1
 Magic Dart               Conj           0%         1d3       99%         1
 Pain                     Necr           0%         1d4       99%         1
 Blink                    Tloc           N/A        N/A       100%        2
 Call Imp                 Summ           0%         N/A       100%        2
 Call Canine Familiar     Summ           0%         N/A       100%        3
 Gell's Gravitas          Tloc           0%         N/A       100%        3
 Lesser Beckoning         Tloc           0%         N/A       100%        3
 Mephitic Cloud           Conj/Pois/Air  0%         N/A       100%        3
 Ozocubu's Armour         Ice            0%         N/A       100%        3
 Portal Projectile        Hex/Tloc       0%         N/A       100%        3
 Teleport Other           Tloc           0%         N/A       100%        3
 Vampiric Draining        Necr           0%         2d6       100%        3
 Leda's Liquefaction      Hex/Erth       0%         N/A       100%        4
 Agony                    Necr           0%         N/A       100%        5
 Excruciating Wounds      Necr           0%         N/A       100%        5
 Freezing Cloud           Conj/Ice/Air   0%         6-21      100%        5
 Manifold Assault         Tloc           0%         N/A       100%        5
 Dispersal                Tloc           0%         N/A       100%        6
 Simulacrum               Ice/Necr       0%         N/A       100%        6


Dungeon Overview and Level Annotations

Branches:
Dungeon (11/15)            Temple (0/1) D:4            Lair (0/6) D:10
    Orc (0/2) D:10

Altars:
Dithmenos
Elyvilon
Fedhas
Gozag
Makhleb
Nemelex Xobeh
Okawaru
Qazlal
Ru
Uskayaw
Wu Jian
Yredelemnul
Beogh

Shops:
D:2 =   D:4 *   D:6 (   D:9 =

Annotations:
D:11 Erolcha


Innate Abilities, Weirdness & Mutations

You have very sharp fingernails.
A weak demonic guardian rushes to your aid.
Your demonic aura sometimes causes spilled blood to erupt in flames.


Message History

You feel the power of the Abyss delaying your translocation!
The raiju bites you but does no damage.
You fade into invisibility!
The raiju bursts into living lightning!
The living lightning hits you!
* * * LOW HITPOINT WARNING * * *
A demonic guardian appears!
The raiju blinks!
You are very lightly contaminated with residual magic.
You swap places.
The raiju barely misses you.
Your rust devil hits the raiju!
Your rust devil corrodes the raiju!
The raiju bites you.
* * * LOW HITPOINT WARNING * * *
The raiju shocks you!
* * * LOW HITPOINT WARNING * * *
Your rust devil hits the raiju!
The raiju seems to be corroded for longer.
The raiju seems to regain its courage.
You feel better. The raiju bites you.
* * * LOW HITPOINT WARNING * * *
A demonic guardian appears!
The raiju shocks you!
* * * LOW HITPOINT WARNING * * *
Your rust devil misses the raiju.
Your white imp hits the raiju.
Your white imp freezes the raiju.
The raiju barely misses you. The raiju bites you but does no damage.
Your white imp closely misses the raiju.
The raiju barely misses your rust devil.
A briar patch grows up from the ground.
Your white imp hits the raiju.
Your white imp freezes the raiju.
The raiju bites your rust devil. The raiju shocks your rust devil.
Your rust devil resists.
Your white imp hits the raiju.
Your white imp freezes the raiju.
The raiju bites your white imp. The raiju shocks your white imp!
Your white imp dies!
The raiju barks!
The raiju bursts into living lightning!
The living lightning hits your rust devil.
Your rust devil resists.
The living lightning hits you!
You die...
Fedhas appreciates your contribution to the ecosystem.

# . #. ## . ##h
.. ...# #. .
#.....#.
####### .# .
####.##@# .
....#P4####.##
# # ###
#.h.#.... .
##..#.#..###..#
. ..# ...####..
# .. .. ....
#.#..# . ...#
.#. .#### #..
.# .. . ## .. #
#


You could see a raiju (corroded, ally target) and a friendly rust devil
(summoned).

Vanquished Creatures
  Harold (D:8)
  A two-headed ogre (D:10)
  An unseen horror (D:10)
  2 wyverns (D:10)
  A basilisk (D:10)
  A steam dragon (D:6)
  3 water moccasins
  Duvessa (D:5)
  A sky beast (D:5)
  5 orc warriors
  An ice beast (D:7)
  4 black bears
  A centaur (D:10)
  An ogre (D:6)
  2 wolves (D:10)
  2 necrophages (D:4)
  2 phantoms (D:5)
  3 kobold brigands
  A bullfrog (D:6)
  A gnoll sergeant (D:9)
  2 scorpions (D:5)
  Dowan (D:5)
  4 killer bees
  A wight (D:6)
  4 howler monkeys
  5 crimson imps (D:8)
  2 centaur zombies (D:8)
  7 orc priests
  2 bullfrog zombies
  2 bullfrog skeletons
  2 gnoll shamans
  4 iguanas
  8 orc wizards
  A killer bee zombie (D:5)
  2 howler monkey zombies
  9 adders
  26 gnolls
  A shadow imp (D:7)
  7 white imps
  2 worms (D:2)
  3 dart slugs
  31 orcs
  8 ball pythons
  3 bats
  2 endoplasms
  A giant cockroach (D:1)
  5 goblins
  4 hobgoblins
  4 jackals (D:1)
  3 quokkas
  A frilled lizard (D:2)
  18 kobolds
  5 rats
  A spectral goblin (D:2)
216 creatures vanquished.

Vanquished Creatures (collateral kills)
  A two-headed ogre (D:9)
  A hornet (D:8)
  An acid dragon (D:9)
  An orc warrior (D:10)
  A gnoll sergeant (D:7)
  2 killer bees (D:7)
  2 wights (D:6)
  An orc priest (D:10)
  7 gnolls
  A worm (D:2)
  5 orcs
  An endoplasm (D:3)
  A kobold (D:2)
25 creatures vanquished.

Vanquished Creatures (others)
  An iguana (D:5)
  A quokka (D:8)
  A fungus (D:10)
  8 plants
  13 toadstools (D:4)
24 creatures vanquished.

Grand Total: 265 creatures vanquished

Notes
Turn   | Place    | Note
-------+----------+-------------------------------------------
     0 | D:1      | Malachi the Demonspawn Monk began the quest for the Orb.
     0 | D:1      | Reached XP level 1. HP: 18/18 MP: 1/1
   518 | D:1      | Gained mutation: You have sharp fingernails. [demonic
                  | ancestry]
   518 | D:1      | Reached XP level 2. HP: 14/24 MP: 2/2
   859 | D:1      | You fall into a shaft and drop 1 floor!
  1476 | D:2      | Found a faded altar of an unknown god.
  1476 | D:2      | Found Gourrum's Jewellery Emporium.
  1490 | D:2      | Became a worshipper of Fedhas Madash
  1490 | D:2      | Reached * piety under Fedhas
  1490 | D:2      | Reached ** piety under Fedhas
  1507 | D:2      | Reached XP level 3. HP: 27/29 MP: 3/3
  2729 | D:2      | Reached XP level 4. HP: 35/35 MP: 4/4
  3171 | D:3      | Reached skill level 1 in Invocations
  3427 | D:3      | Found an ornate altar of the Wu Jian Council.
  3443 | D:3      | Reached *** piety under Fedhas
  3459 | D:3      | Found a hide-covered altar of Uskayaw.
  4815 | D:4      | Reached XP level 5. HP: 38/42 MP: 2/6
  5118 | D:4      | Found a staircase to the Ecumenical Temple.
  5130 | D:4      | Noticed a necrophage
  5137 | D:4      | Killed a necrophage
  5178 | D:4      | Found Tacyetun's Elemental Accessories.
  5213 | D:4      | Noticed a necrophage
  5220 | D:4      | Killed a necrophage
  5221 | D:4      | Reached XP level 6. HP: 48/48 MP: 6/8
  5840 | D:4      | Found a blossoming altar of Fedhas.
  5869 | D:4      | Noticed an oklob plant
  5956 | D:5      | Entered Level 5 of the Dungeon
  6005 | D:5      | Gained mutation: Your demonic aura sometimes causes spilled
                  | blood to erupt in flames. [demonic ancestry]
  6005 | D:5      | Reached XP level 7. HP: 14/55 MP: 9/9
  6259 | D:5      | Reached skill level 5 in Polearms
  6328 | D:5      | Noticed Duvessa
  6328 | D:5      | Identified the +7 trident of Ore Hyocs {vorpal, Drain rElec
                  | rC+}
  6328 | D:5      | Noticed Dowan
  6346 | D:5      | Reached skill level 1 in Armour
  6349 | D:5      | Killed Duvessa
  6369 | D:5      | Killed Dowan
  7072 | D:5      | Reached skill level 5 in Invocations
  7080 | D:5      | Gained mutation: A weak demonic guardian rushes to your
                  | aid. [demonic ancestry]
  7080 | D:5      | Reached XP level 8. HP: 31/61 MP: 11/11
  7087 | D:5      | Reached skill level 5 in Fighting
  7564 | D:5      | Found a basalt altar of Yredelemnul.
  7623 | D:6      | Found Sutz's Weapon Shoppe.
  7756 | D:6      | Reached **** piety under Fedhas
  8197 | D:6      | Found a sparkling altar of Nemelex Xobeh.
  8459 | D:7      | Reached skill level 5 in Armour
  8459 | D:7      | Reached XP level 9. HP: 63/68 MP: 14/14
  8820 | D:7      | Found an opulent altar of Gozag.
  9612 | D:8      | Paralysed by a hornet for 1 turns
  9928 | D:8      | Found a stormy altar of Qazlal.
 10145 | D:8      | Noticed Harold
 10170 | D:8      | Found a shadowy altar of Dithmenos.
 10175 | D:8      | Killed Harold
 11467 | D:9      | Found an iron altar of Okawaru.
 11581 | D:9      | Found a burning altar of Makhleb.
 11583 | D:9      | Noticed a balrug
 11587 | D:9      | Noticed an orange demon
 11587 | D:9      | Noticed an orange demon
 11630 | D:9      | Gained mutation: You have very sharp fingernails. [demonic
                  | ancestry]
 11630 | D:9      | Reached XP level 10. HP: 55/74 MP: 16/16
 11788 | D:9      | Found a sacrificial altar of Ru.
 11932 | D:9      | Noticed a boulder beetle
 11933 | D:9      | Noticed a death knight
 12102 | D:9      | Found Fozok's Jewellery Emporium.
 12278 | D:9      | Noticed a two-headed ogre
 12293 | D:9      | Killed a two-headed ogre
 12294 | D:9      | Reached skill level 5 in Dodging
 12522 | D:10     | Entered Level 10 of the Dungeon
 12577 | D:10     | Noticed a two-headed ogre
 12594 | D:10     | Killed a two-headed ogre
 13694 | D:10     | Found a staircase to the Lair.
 14177 | D:10     | Found a staircase to the Orcish Mines.
 14644 | D:10     | Got the Papyrus of the Snowflakes
 14962 | D:11     | Noticed Erolcha
 14995 | D:11     | Cast into level 1 of the Abyss (Erolcha)
 15063 | Abyss:1  | Killed from afar by a raiju

Illustrated notes

Levels and vault maps discovered:
D:1:      scummos_arrival_simple_crosswalls, layout_basic, grunt_decor_arrowhead
D:2:      layout_loops_corners, serial_shops, shop,
          dreamdust_ecumenical_altar_drowned_temple
D:3:      layout_loops_ring, nzn_wu_jian_council_hall,
          mainiacjoe_overflow_alcove_4, minivault_5, corexii_leaking_fountain,
          minmay_door_square, grunt_decor_junction
D:4:      layout_basic, tgw_fedhas, minmay_temple_entry_junction, serial_forest,
          infiniplex_forest_diagonal, infiniplex_forest_lined_room_,
          infiniplex_forest_lined_2, infiniplex_forest_clump_tiny,
          infiniplex_forest_lined_1, infiniplex_forest_clump_diagonal,
          nicolae_elemental_shop, kennysheep_generic_room_6
D:5:      layout_basic, mainiacjoe_overflow_catwalk, grunt_tough_drop,
          uniq_duvessa
D:6:      layout_basic, mainiacjoe_overflow_cross_hatched,
          gup_sewer_entry_glass, serial_shops, shop, corexii_hall_statues_l,
          corexii_checkpoint_a
D:7:      layout_rooms, grunt_gozag_breadcrumbs, chequers_arboretum
D:8:      layout_basic, elyvilon_altar_4, lemuel_tele_altar,
          nicolae_qazlal_scattered_showers, minmay_nine_imps, uniq_harold
D:9:      layout_gridville, mainiacjoe_overflow_alcove_1,
          overflow_temple_1_default, makhleb_altar_promises_db, serial_shops,
          nicolae_shop_waterfront, lightli_corner_chamber
D:10:     layout_stronghold, minmay_lair_entry_grove,
          minmay_orc_entry_temple_small, minmay_hedge_maze,
          palyth_stone_intersect
D:11:     layout_roguey, serial_shops, shop, uniq_erolcha
Abyss:1:  base:
D:5

Skill      XL: |  1  2  3  4  5  6  7  8  9 10 |
---------------+-------------------------------+-----
Stealth        | 2 |  2.4
Polearms       | 3 4 5 6 8 9 |  9.3
Dodging        | 3 4 5 |  5.3
Invocations    | 1 3 5 6 8 9 |  9.8
Fighting       | 4 5 |  5.0
Armour         | 2 5 6 8 |  8.5

Action                   |  1- 3 |  4- 6 |  7- 9 | 10-12 || total
-------------------------+-------+-------+-------+-------++-------
Melee: Spear             |   140 |    71 |   289 |   185 ||   685
Throw: Throwing net      |       |     1 |     1 |     5 ||     7
Invok: Wall of Briars    |     2 |     3 |     8 |     9 ||    22
       Overgrow          |       |       |       |     1 ||     1
Evoke: Wand              |       |     2 |       |       ||     2
  Use: Scroll            |     1 |     7 |    13 |     4 ||    25
       Potion            |     2 |       |     1 |     2 ||     5
 Stab: Sleeping          |     7 |     4 |     1 |       ||    12
       Invisible         |     1 |       |       |       ||     1
       Distracted        |       |     2 |     9 |     2 ||    13
       Fleeing           |       |       |       |     1 ||     1
Armor: Robe              |    16 |     4 |       |       ||    20
       Ring mail         |       |     1 |    46 |       ||    47
       Chain mail        |       |       |     4 |    60 ||    64
Dodge: Dodged            |    81 |    21 |    71 |    45 ||   218
